 Dungeon Crawl Stone Soup version 0.26-a0-42-g4f27934 (webtiles) character file.

Game seed: 6175134126279739736

3354 thirtiethelement the Magician (level 10, -5/73 HPs)
             Began as a Gnoll Earth Elementalist on June 1, 2020.
             Was an Elder of Vehumet.
             Slain by a death yak (22 damage)
             ... on level 7 of the Dungeon.
             The game lasted 00:25:38 (7586 turns).

thirtiethelement the Magician (GnEE)                Turns: 7586, Time: 00:25:38

Health: -5/73      AC:  6    Str: 10    XL:     10   Next: 3%
Magic:  1/20       EV: 18    Int: 24    God:    Vehumet [****..]
Gold:   124        SH:  0    Dex: 22    Spells: 4/23 levels left

rFire    . . .     SeeInvis .   t - +8 flail of Upheaval {pain, rC- rN+ Int+3}
rCold    x . .     Gourm    .   (no shield)
rNeg     + . .     Faith    +   c - +0 robe
rPois    .         Spirit   .   f - +2 hat
rElec    .         Reflect  .   l - +0 cloak
rCorr    .         Harm     .   j - +0 pair of gloves
MR       .....                  (no boots)
Stlth    ++++......             a - amulet of faith
HPRegen  0.22/turn              z - +6 ring of dexterity
MPRegen  0.17/turn              (no ring)

@: frozen ramparts
A: distributed training, fangs 1, strong nose
a: Renounce Religion


You were on level 7 of the Dungeon.
You worshipped Vehumet.
Vehumet was greatly pleased with you.
You were hungry.

You visited 1 branch of the dungeon, and saw 8 of its levels.
You also visited: Sewer.

You collected 459 gold pieces.
You spent 335 gold pieces at shops.

Inventory:

Hand Weapons
 n - a +5 hand axe of freezing
 t - the +8 flail of Upheaval (weapon) {pain, rC- rN+ Int+3}
   (You found it on level 5 of the Dungeon)

   In the hands of one skilled in necromantic magic, it inflicts extra damage on
   living creatures.
   It affects your intelligence (+3).
   It makes you vulnerable to cold.
   It protects you from negative energy.
Missiles
 b - 100 stones (quivered)
Armour
 c - a +0 robe (worn)
 f - a +2 hat (worn)
 j - a +0 pair of gloves (worn)
 l - a +0 cloak (worn)
 y - a +0 helmet
 F - a +2 leather armour of fire resistance
Jewellery
 a - an amulet of faith (around neck)
 x - an uncursed ring of fire
 z - a +6 ring of dexterity (left hand)
 A - an uncursed ring of poison resistance {unknown}
 B - an uncursed amulet of magic regeneration {unknown}
 C - a +6 ring of dexterity
Wands
 G - a wand of acid (9)
Scrolls
 h - 5 scrolls of fear
 s - 3 scrolls of teleportation
 u - a scroll of blinking
Potions
 e - 3 potions of might
 g - 2 potions of curing
 i - a potion of heal wounds {unknown}
 k - 2 potions of berserk rage
 m - 4 potions of brilliance
 o - 2 potions of flight
 p - 3 potions of resistance
 q - 3 potions of haste
 r - a potion of cancellation
 v - 2 potions of magic
 w - 2 potions of stabbing
 D - a potion of ambrosia
Comestibles
 d - 15 rations


   Skills:
 + Level 4.7 Fighting
 + Level 4.7 Short Blades
 + Level 4.7 Long Blades
 + Level 4.7 Axes
 + Level 4.7 Maces & Flails
 + Level 4.7 Polearms
 + Level 4.7 Staves
 + Level 4.7 Slings
 + Level 4.7 Bows
 + Level 4.7 Crossbows
 + Level 4.7 Throwing
 + Level 4.7 Armour
 + Level 6.6 Dodging
 + Level 6.4 Stealth
 + Level 4.7 Shields
 + Level 4.7 Unarmed Combat
 + Level 7.0 Spellcasting
 + Level 3.9 Conjurations
 + Level 3.9 Hexes
 + Level 3.9 Charms
 + Level 3.9 Summonings
 + Level 3.9 Necromancy
 + Level 3.9 Translocations
 + Level 4.5 Transmutations
 + Level 3.9 Fire Magic
 + Level 3.9 Ice Magic
 + Level 3.9 Air Magic
 + Level 6.8 Earth Magic
 + Level 3.9 Poison Magic
 + Level 5.2 Invocations
 + Level 4.7 Evocations


You had 4 spell levels left.
You knew the following spells:

 Your Spells              Type           Power        Failure   Level  Hunger
a - Sandblast             Erth           #####.       1%          1    None
b - Stone Arrow           Conj/Erth      ####..       1%          3    None
c - Magic Dart            Conj           ####         1%          1    None
d - Animate Dead          Necr           N/A          14%         4    ###....
e - Mephitic Cloud        Conj/Pois/Air  ####....     1%          3    None
f - Frozen Ramparts       Ice            ####..       1%          3    None
g - Airstrike             Air            ####......   4%          4    ###....

Your spell library contained the following spells:

 Spells                   Type           Power        Failure   Level  Hunger
 Animate Skeleton         Necr           N/A          1%          1    None
 Corona                   Hex            ####...      1%          1    None
 Freeze                   Ice            ####         1%          1    None
 Pain                     Necr           ####         1%          1    None
 Passwall                 Tmut/Erth      #####...     1%          2    None
 Dazzling Flash           Conj/Hex       ####..       1%          3    None
 Ensorcelled Hibernation  Hex/Ice        ####..       2%          2    None
 Confusing Touch          Hex            ####....     4%          3    None
 Ozocubu's Armour         Chrm/Ice       ####....     4%          3    None
 Tukima's Dance           Hex            ####....     4%          3    None
 Vampiric Draining        Necr           ####......   4%          3    None
 Hailstorm                Conj/Ice       ####....     4%          4    ###....
 Petrify                  Tmut/Erth      #####...     7%          4    ###....
 Summon Ice Beast         Ice/Summ       ####....     14%         4    ###....
 Lee's Rapid Deconstruct  Erth           #####.....   3%          5    #####..
 Agony                    Necr           ####....     36%         5    #####..


Dungeon Overview and Level Annotations

Branches:
Dungeon (8/15)             Temple (0/1) D:7           Sewer (visited)
   Lair: D:8-11

Altars:
Ashenzari
Cheibriados
Fedhas
Nemelex Xobeh
Vehumet
Wu Jian
Yredelemnul

Shops:
D:6 !   D:7 !


Innate Abilities, Weirdness & Mutations

Your experience applies equally to all skills.
You have very sharp teeth.
Your uncanny sense of smell can sniff out nearby items.


Message History

The stinking cloud engulfs the death yak but does no damage.
The death yak is moderately wounded.
The death yak is engulfed in noxious fumes.
The wall freezes the death yak.
The frozen ramparts melt away.
You see here 20 arrows.
The death yak snorts and paws the ground.
Okay, then.
The death yak gores you but does no damage.
All of the chunks of flesh in your inventory have rotted away.
Casting: Mephitic Cloud (safe; 1% risk of failure)
Confirm with . or Enter, or press ? or * to list all spells.
The walls around you are covered in ice.
The wall freezes the death yak.
The wall freezes the death yak!
The wall freezes the death yak. x2; The death yak gores you.
* * * LOW HITPOINT WARNING * * *
The wall freezes the death yak!
You feel better.
The wall freezes the death yak.
The death yak gores you!!
You die...

#....#..........# #.##.###
#.....#.........# ##.##....
#.#...#.#..##...# ####.#.#####
#.#....#..(.....# #...###.....
#.###.#.##...##.# #.##.#.#####
..##......##....######.##........
###.........##..........#..######
.............(########..#..#
#.##.##.........@Y.........###
#.##.##.##############..#....#
........# #..####.# # #.##.#..#
###..####.#### #.##.#..#
#.[..........> #.......#
#.#######.#### ####.#.## #.# #.#
# # ##.#.# #.# #.# # ###....# #.#
#.####


You could see a death yak.

Vanquished Creatures
  4 hogs (D:7)
  A human (D:7)
  The ghost of zbzbzb the Slasher, an amateur OpMo of Zin (D:4)
  2 orc warriors
  2 ice beasts
  6 ogres
  A phantom (D:7)
  A centaur (D:5)
  5 big kobolds (Sewer)
  A bullfrog (D:5)
  A scorpion (D:6)
  3 howler monkeys
  2 crimson imps
  4 quasits (D:4)
  4 hounds
  An orc priest (D:3)
  2 jellies
  2 bullfrog skeletons
  3 iguanas
  4 orc wizards
  A worker ant (D:6)
  10 adders
  10 gnolls
  3 river rats
  A shadow imp (D:7)
  2 oozes (Sewer)
  2 adder zombies
  6 worms
  2 dart slugs (D:2)
  3 leopard geckos
  17 orcs
  7 ball pythons
  9 bats
  8 giant cockroaches
  9 goblins
  8 hobgoblins
  19 jackals
  4 kobolds
  6 quokkas
  9 frilled lizards
  A jackal zombie (D:6)
  2 leopard gecko zombies
  2 quokka skeletons
  16 rats
  A spectral orc (D:6)
208 creatures vanquished.

Notes
Turn   | Place    | Note
-------+----------+-------------------------------------------
     0 | D:1      | thirtiethelement the Gnoll Earth Elementalist began the
                  | quest for the Orb.
     0 | D:1      | Reached XP level 1. HP: 13/13 MP: 6/6
   180 | D:1      | Reached XP level 2. HP: 19/19 MP: 5/7
   570 | D:1      | Reached XP level 3. HP: 25/25 MP: 6/9
   918 | D:1      | Reached skill level 5 in Spellcasting
  1198 | D:2      | Reached skill level 1 in Invocations
  1391 | D:2      | Reached skill level 1 in Fighting
  1391 | D:2      | Reached skill level 1 in Short Blades
  1391 | D:2      | Reached skill level 1 in Long Blades
  1391 | D:2      | Reached skill level 1 in Axes
  1391 | D:2      | Reached skill level 1 in Maces & Flails
  1391 | D:2      | Reached skill level 1 in Polearms
  1391 | D:2      | Reached skill level 1 in Staves
  1391 | D:2      | Reached skill level 1 in Slings
  1391 | D:2      | Reached skill level 1 in Bows
  1391 | D:2      | Reached skill level 1 in Crossbows
  1391 | D:2      | Reached skill level 1 in Throwing
  1391 | D:2      | Reached skill level 1 in Armour
  1391 | D:2      | Reached skill level 1 in Shields
  1391 | D:2      | Reached skill level 1 in Unarmed Combat
  1391 | D:2      | Reached skill level 1 in Evocations
  1408 | D:2      | Reached XP level 4. HP: 32/32 MP: 9/11
  1480 | D:2      | Found a blossoming altar of Fedhas.
  1736 | D:2      | Learned a level 3 spell: Stone Arrow
  1909 | D:3      | Found a radiant altar of Vehumet.
  1915 | D:3      | Became a worshipper of Vehumet
  2010 | D:3      | Reached skill level 1 in Conjurations
  2010 | D:3      | Reached skill level 1 in Hexes
  2010 | D:3      | Reached skill level 1 in Charms
  2010 | D:3      | Reached skill level 1 in Summonings
  2010 | D:3      | Reached skill level 1 in Necromancy
  2010 | D:3      | Reached skill level 1 in Translocations
  2010 | D:3      | Reached skill level 1 in Fire Magic
  2010 | D:3      | Reached skill level 1 in Ice Magic
  2010 | D:3      | Reached skill level 1 in Air Magic
  2010 | D:3      | Reached skill level 1 in Poison Magic
  2197 | D:3      | Reached XP level 5. HP: 27/37 MP: 2/12
  2459 | D:3      | Noticed an ice beast
  2465 | D:3      | Killed an ice beast
  2465 | D:3      | Reached XP level 6. HP: 44/44 MP: 6/13
  2592 | D:3      | Reached * piety under Vehumet
  2592 | D:3      | Offered knowledge of Magic Dart by Vehumet.
  2602 | D:3      | Learned a level 1 spell: Magic Dart
  3092 | D:4      | Found a transporter.
  3094 | D:4      | Noticed zbzbzb's ghost (amateur OpMo)
  3101 | D:4      | You fall into a shaft and drop 3 floors!
  3116 | D:6      | Noticed an orc warrior
  3136 | D:6      | Found a basalt altar of Yredelemnul.
  3145 | D:5      | Entered Level 5 of the Dungeon
  3146 | D:5      | Reached skill level 5 in Dodging
  3155 | D:4      | Found a glowing drain.
  3175 | Sewer    | Entered a sewer
  3280 | Sewer    | Reached XP level 7. HP: 49/50 MP: 12/15
  3305 | Sewer    | Offered knowledge of Shock by Vehumet.
  3322 | Sewer    | Reached ** piety under Vehumet
  3445 | Sewer    | Reached skill level 5 in Stealth
  3534 | D:4      | Learned a level 4 spell: Animate Dead
  3789 | D:4      | Reached XP level 8. HP: 57/57 MP: 11/16
  4067 | D:4      | You fall into a shaft and drop 1 floor!
  4072 | D:5      | Found a sparkling altar of Nemelex Xobeh.
  4154 | D:5      | Offered knowledge of Mephitic Cloud by Vehumet.
  4172 | D:5      | Learned a level 3 spell: Mephitic Cloud
  4193 | D:5      | Reached skill level 6 in Spellcasting
  4284 | D:5      | Reached *** piety under Vehumet
  4460 | D:5      | Got a translucent flail
  4460 | D:5      | Identified the +8 flail of Upheaval {pain, rC- rN+ Int+3}
                  | (You found it on level 5 of the Dungeon)
  4714 | D:5      | Learned a level 3 spell: Frozen Ramparts
  4913 | D:6      | Found an ornate altar of the Wu Jian Council.
  4953 | D:4      | Found a transporter.
  4957 | D:4      | Found a shattered altar of Ashenzari.
  5259 | D:4      | Offered knowledge of Conjure Flame by Vehumet.
  5261 | D:4      | Killed zbzbzb's ghost
  5261 | D:4      | Reached XP level 9. HP: 37/65 MP: 18/18
  5960 | D:6      | Found Yfan's Distillery.
  5987 | D:6      | Bought a potion of magic for 112 gold pieces
  5987 | D:6      | Bought a potion of ambrosia for 112 gold pieces
  5987 | D:6      | Bought a potion of might for 56 gold pieces
  6077 | D:6      | Reached **** piety under Vehumet
  6283 | D:6      | Upgraded the game from 0.26-a0-40-gfe7b5d5 to
                  | 0.26-a0-42-g4f27934
  6308 | D:7      | Offered knowledge of Airstrike by Vehumet.
  6528 | D:7      | Learned a level 4 spell: Airstrike
  6578 | D:7      | Found a staircase to the Ecumenical Temple.
  7057 | D:7      | Found Zefas's Distillery.
  7063 | D:7      | Bought a potion of degeneration for 11 gold pieces
  7063 | D:7      | Bought a potion of stabbing for 44 gold pieces
  7090 | D:7      | Reached skill level 5 in Invocations
  7354 | D:8      | Reached XP level 10. HP: 73/73 MP: 12/20
  7407 | D:8      | Found a snail-covered altar of Cheibriados.
  7433 | D:8      | Reached skill level 7 in Spellcasting
  7518 | D:8      | Noticed a death yak
  7518 | D:8      | Noticed a death yak
  7522 | D:8      | Noticed a death yak
  7586 | D:7      | Slain by a death yak

Illustrated notes

Levels and vault maps discovered:
D:1:      minmay_arrival_nine_rooms, layout_basic, st_stairs_5
D:2:      layout_rooms, fedhas_altar_2
D:3:      layout_rooms, vehumet_crystals
D:4:      layout_basic, gammafunk_ghost_stat_death, portal_sewer_entry_b,
          ashenzari_altar_1
D:5:      layout_rooms, nemelex_xobeh_ov_fountains_minmay, first_ration,
          nrook_mini_vaults, minmay_fountain_box
D:6:      layout_cave_pools, yredelemnul_forgotten_temple_becter, basic_altar,
          serial_shops, nicolae_shop_waterfront, mrwooster_statue_mirror
D:7:      layout_loops_ring, minmay_temple_entry_purple_smoke, serial_shops,
          shop, hangedman_decor_peaks_small, grunt_livestock, st_stairs_3
D:8:      minmay_blocky_corners, layout_gridville, led_sif_pool,
          cheibriados_altar_1, dpeg_lair_monsters,
          ploomutoo_gammafunk_ghost_potion_laboratory, minmay_increasing_density

Skill      XL: |  1  2  3  4  5  6  7  8  9 10 |
---------------+-------------------------------+-----
Transmutations | 2 3 4 |  4.5
Spellcasting   | 5 6 7 |  7.0
Invocations    | 1 2 3 4 5 |  5.2
Fighting       | 1 2 3 4 |  4.7
Short Blades   | 1 2 3 4 |  4.7
Long Blades    | 1 2 3 4 |  4.7
Axes           | 1 2 3 4 |  4.7
Maces & Flails | 1 2 3 4 |  4.7
Polearms       | 1 2 3 4 |  4.7
Staves         | 1 2 3 4 |  4.7
Slings         | 1 2 3 4 |  4.7
Bows           | 1 2 3 4 |  4.7
Crossbows      | 1 2 3 4 |  4.7
Throwing       | 1 2 3 4 |  4.7
Armour         | 1 2 3 4 |  4.7
Shields        | 1 2 3 4 |  4.7
Unarmed Combat | 1 2 3 4 |  4.7
Evocations     | 1 2 3 4 |  4.7
Conjurations   | 1 2 3 |  3.9
Hexes          | 1 2 3 |  3.9
Charms         | 1 2 3 |  3.9
Summonings     | 1 2 3 |  3.9
Necromancy     | 1 2 3 |  3.9
Translocations | 1 2 3 |  3.9
Fire Magic     | 1 2 3 |  3.9
Ice Magic      | 1 2 3 |  3.9
Air Magic      | 1 2 3 |  3.9
Poison Magic   | 1 2 3 |  3.9
Dodging        | 5 6 |  6.6
Stealth        | 5 6 |  6.4
Earth Magic    | 6 |  6.8

Action                   |  1- 3 |  4- 6 |  7- 9 | 10-12 || total
-------------------------+-------+-------+-------+-------++-------
Melee: Unarmed           |     6 |       |       |       ||     6
       Bite              |     1 |     3 |     7 |     3 ||    14
       Hand axe          |       |    20 |    60 |       ||    80
       Flail             |       |       |    56 |     6 ||    62
       Punch             |       |       |     1 |       ||     1
 Cast: Sandblast         |    42 |    76 |    62 |     2 ||   182
       Stone Arrow       |       |     1 |    37 |     3 ||    41
       Magic Dart        |       |    15 |    68 |     2 ||    85
       Mephitic Cloud    |       |       |     6 |     6 ||    12
       Frozen Ramparts   |       |       |     3 |     2 ||     5
  Use: Scroll            |     3 |     1 |    13 |       ||    17
       Potion            |       |       |     1 |     1 ||     2
 Stab: Confused          |       |       |     1 |       ||     1
  Eat: Chunk             |     1 |     6 |    10 |       ||    17
       Ration            |       |       |     1 |       ||     1
Armor: Robe              |     2 |    11 |    42 |     1 ||    56
Dodge: Dodged            |     8 |    39 |   170 |     4 ||   221

Table legend:
 A = Non-vault XP
 B = Vault XP
 C = Vault XP percentage of total XP
 D = Non-vault monster count
 E = Vault monster count
 F = Vault count percentage of total count
                 A         B        C        D         E       F
            +---------+---------+-------+---------+---------+-------
      Total |    2733 |    2059 |  43.0 |     161 |      47 |  22.6
            +---------+---------+-------+---------+---------+-------
        D:1 |      38 |       4 |   9.5 |      23 |       2 |   8.0
        D:2 |      64 |       0 |   0.0 |      21 |       0 |   0.0
        D:3 |     313 |       0 |   0.0 |      40 |       0 |   0.0
        D:4 |     307 |     388 |  55.8 |       7 |      12 |  63.2
        D:5 |     738 |       0 |   0.0 |      30 |       0 |   0.0
        D:6 |     434 |       1 |   0.2 |      20 |       1 |   4.8
        D:7 |     616 |    1097 |  64.0 |      15 |       9 |  37.5
        D:8 |     223 |       1 |   0.4 |       5 |       1 |  16.7
      Sewer |       0 |     568 | 100.0 |       0 |      22 | 100.0
            +---------+---------+-------+---------+---------+-------
